 Dungeon Crawl Stone Soup version 0.15.2 (webtiles) character file.

436 Miyamura the Chiller (level 7, 0/51 HPs)
             Began as a Merfolk Ice Elementalist on Dec 11, 2014.
             Slain by an orc
             ... wielding a +0 mace
              (6 damage)
             ... on Level 4 of the Dungeon.
             The game lasted 00:12:58 (5876 turns).

Miyamura the Chiller (Merfolk Ice Elementalist)     Turns: 5876, Time: 00:12:58

HP   0/51        AC  2     Str  8      XL: 7   Next:  1%
MP  15/15        EV 14     Int 16      God:
Gold 150         SH  0     Dex 15      Spells:  3 memorised,  6 levels left

rFire  . . .     SeeInvis .     e - +0 spear
rCold  . . .     Clarity  .     a - +0 robe
rNeg   . . .     rCorr    .     (no shield)
rPois  .         rRot     .     (no helmet)
rElec  .         Spirit   .     (no cloak)
SustAb .         Warding  .     (no gloves)
rMut   .         Stasis   .     (no boots)
Gourm  .                        (no amulet)
MR     .....                    (no ring)
                                (no ring)

@: starving, not resistant to hostile enchantments, unstealthy
A: change form in water, swift swim
a: no special abilities


You were on level 4 of the Dungeon.
You were starving.

You visited 1 branch of the dungeon, and saw 4 of its levels.

You collected 150 gold pieces.

Inventory:

Hand weapons
 e - a +0 spear (weapon)
Armour
 a - a +0 robe (worn)
Comestibles
 c - 3 bread rations
 j - 3 beef jerkies
Scrolls
 d - a scroll of blinking {unknown}
 g - a scroll of noise {unknown}
 i - a scroll of teleportation
 l - a scroll of identify {unknown}
 m - a scroll of remove curse
 n - a scroll of fear
 o - 2 scrolls of enchant weapon {unknown}
 q - a scroll of recharging {unknown}
Jewellery
 k - an uncursed amulet of warding {unknown}
Potions
 f - a potion of degeneration {unknown}
 h - a potion of might {unknown}
 p - a potion of curing {unknown}
Books
 b - a book of Frost

   Spells                             Type                      Level
   *Freeze                            Ice                          1
   *Throw Frost                       Conjuration/Ice              2
   Ozocubu's Armour                   Charms/Ice                   3
   *Throw Icicle                      Conjuration/Ice              4
   Summon Ice Beast                   Ice/Summoning                4
   Condensation Shield                Ice                          4


   Skills:
 + Level 2.7 Fighting
 + Level 3.6 Polearms
 + Level 4.8 Dodging
 - Level 2.2 Stealth
 + Level 3.5 Spellcasting
 - Level 0.7 Conjurations
 + Level 5.0 Ice Magic


You had 6 spell levels left.
You knew the following spells:

 Your Spells              Type           Power        Failure   Level  Hunger
a - Freeze                Ice            ###.         2%          1    None
b - Throw Frost           Conj/Ice       ##....       10%         2    ##.....
c - Throw Icicle          Conj/Ice       ##......     63%         4    ####...


Dungeon Overview and Level Annotations

Branches:
Dungeon (4/15)
 Temple: D:4-7

Altars:

Shops:
D:4 *


Message History

You are too injured to fight recklessly!
Casting: Freeze
Confirm with . or Enter, or press ? or * to list all spells.
You don't have the energy to cast that spell.
Firing (i - inventory): No suitable missiles.
Press: ? - help, Shift-Dir - straight line, f - orc
Aim: an orc, wielding a mace and wearing a ring mail
Okay, then.
Casting: Freeze
Confirm with . or Enter, or press ? or * to list all spells.
You don't have the energy to cast that spell.
You hit the orc but do no damage. You barely miss the orc.
The orc closely misses you.
You closely miss the orc. The orc misses you.
You barely miss the orc. The orc barely misses you.
You hit the orc but do no damage. You closely miss the orc.
The orc hits you with a mace.
* * * LOW HITPOINT WARNING * * *
You closely miss the orc. The orc hits you with a mace.
You die...

#....########.###.##.####.
#o.Z............#.##.####.
#.....#..####.#.#∩##......
#....o#..####.#...........
###.......... ..#...........
#.....P....#######...........
..≈...[....+(....'...........
≈.≈Z.....(.#######)..........
..≈≈≈..8....o@.(..(...........
#.≈≈≈≈P......#######...........
##..≈≈≈≈.......# #...........
......≈.P......# #...........
######.........# #...........
.......# #........... ......#
#........... .....#
#........... ### ############


You could see an orc.

Vanquished Creatures
  A scorpion (D:4)
  A centaur skeleton (D:4)
  A giant frog skeleton (D:4)
  An orc wizard (D:4)
  5 worker ants
  Jessica (D:2)
  A hound skeleton (D:4)
  A worker ant zombie (D:4)
  A gnoll (D:3)
  2 adders
  3 worms
  An orc zombie (D:4)
  A giant gecko (D:4)
  An ooze (D:3)
  17 orcs
  A bat skeleton (D:4)
  4 giant cockroaches
  9 hobgoblins
  6 kobolds
  2 quokkas
  8 bats
  2 giant newts
  6 goblins
  A hobgoblin zombie (D:4)
  4 jackals
  A kobold skeleton (D:4)
  An orc skeleton (D:4)
  5 rats
88 creatures vanquished.

Notes
Turn   | Place    | Note
--------------------------------------------------------------
     0 | D:1      | Miyamura, the Merfolk Ice Elementalist, began the quest for the Orb.
     0 | D:1      | Reached XP level 1. HP: 13/13 MP: 3/3
   529 | D:1      | Reached XP level 2. HP: 18/20 MP: 0/4
   565 | D:1      | Learned a level 2 spell: Throw Frost
   849 | D:1      | Reached skill level 1 in Fighting
  1148 | D:2      | Noticed Jessica
  1168 | D:2      | Killed Jessica
  1168 | D:2      | Reached XP level 3. HP: 12/26 MP: 0/6
  1605 | D:2      | Reached XP level 4. HP: 30/33 MP: 6/8
  1675 | D:2      | Learned a level 4 spell: Throw Icicle
  2666 | D:3      | Reached skill level 4 in Ice Magic
  3346 | D:3      | Reached skill level 1 in Polearms
  3346 | D:3      | Reached XP level 5. HP: 18/38 MP: 5/10
  4360 | D:4      | Found Qotaco's Assorted Antiques.
  4518 | D:4      | Reached XP level 6. HP: 37/46 MP: 7/13
  5758 | D:4      | Reached skill level 5 in Ice Magic
  5845 | D:4      | Reached XP level 7. HP: 45/51 MP: 15/15
  5876 | D:4      | Slain by an orc

Action                   |  1- 3 |  4- 6 |  7- 9 || total
-------------------------+-------+-------+-------++-------
Melee: Whip              |    34 |    21 |       ||    55
       Spear             |       |   207 |    29 ||   236
 Cast: Freeze            |    29 |    65 |       ||    94
       Throw Frost       |     1 |     2 |       ||     3
       Throw Icicle      |       |     1 |       ||     1
  Use: Scroll            |       |     5 |       ||     5
 Stab: Sleeping          |     5 |     5 |       ||    10
  Eat: Chunk             |     2 |     8 |       ||    10
       Meat ration       |       |     1 |       ||     1
